 Dungeon Sprint DCSS version 0.26-a0-1101-g8f9f7f7418 (webtiles) character file.

Game seed: 5447389206621574106

9700000 Adamkad1 the Axe Maniac (level 27, -4/298 HPs)
             Began as a Deep Dwarf Gladiator on Dec 15, 2020.
             Was the Champion of Makhleb.
             Killed by the air
             ... invoked by a tyrant
              (16 damage)
             ... in the Dungeon (Sprint VIII: "Arena of Blood").
             The game lasted 00:02:52 (97 turns).

Adamkad1 the Axe Maniac (Deep Dwarf Gladiator)        Turns: 97, Time: 00:02:53

Health: -4/298     AC:  8    Str: 18    XL:     27
Magic:  34/54      EV: 36    Int: 13    God:    Makhleb [******]
Gold:   0          SH:  0    Dex: 23    Spells: 80/80 levels left

rFire    . . .     SeeInvis .   k - +∞ Axe of Woe
rCold    . . .     Faith    .   (shield currently unavailable)
rNeg     + . .     Spirit   .   b - +0 leather armour
rPois    .         Reflect  .   c - +0 helmet
rElec    .         Harm     .   (no cloak)
rCorr    .         Rampage  .   (no gloves)
Will     ++++.     NoTele   +   (no boots)
Stlth    ++++++++++             (no amulet)
HPRegen  0.00/turn              (no ring)
MPRegen  0.34/turn              (no ring)

@: non-regenerating, slowed, very slow
A: damage resistance, heal wounds, negative energy resistance 1, sense
surroundings 3, no regeneration
a: Heal Wounds, Minor Destruction, Lesser Servant of Makhleb, Major Destruction,
Greater Servant of Makhleb, Renounce Religion


You were in the Dungeon.
You worshipped Makhleb.
Makhleb was exalted by your worship.
You visited 1 branch

Inventory:

Hand Weapons
 a - a +0 war axe
 k - the +∞ Axe of Woe (weapon)
   (You found it in the Dungeon)
Missiles
 d - 3 throwing nets (quivered)
Armour
 b - a +0 leather armour (worn)
 c - a +0 helmet (worn)
Scrolls
 j - a scroll of blinking
Potions
 e - a potion of curing
 f - a potion of heal wounds
 g - a potion of haste
 h - 2 potions of magic
 i - a potion of berserk rage


   Skills:
 O Level 27 Fighting
 O Level 27 Short Blades
 O Level 27 Long Blades
 O Level 27 Axes
 O Level 27 Maces & Flails
 O Level 27 Polearms
 O Level 27 Staves
 O Level 27 Slings
 O Level 27 Bows
 O Level 27 Crossbows
 O Level 27 Throwing
 O Level 27 Armour
 O Level 27 Dodging
 O Level 27 Stealth
 O Level 27 Shields
 O Level 27 Unarmed Combat
 O Level 27 Spellcasting
 O Level 27 Conjurations
 O Level 27 Hexes
 O Level 27 Summonings
 O Level 27 Necromancy
 O Level 27 Translocations
 O Level 27 Transmutations
 O Level 27 Fire Magic
 O Level 27 Ice Magic
 O Level 27 Air Magic
 O Level 27 Earth Magic
 O Level 27 Poison Magic
 O Level 27 Invocations
 O Level 27 Evocations


You had 80 spell levels left.
You didn't know any spells.
Your spell library was empty.

Dungeon Overview and Level Annotations

Branches:
Dungeon (1/1)

Altars:
Makhleb


Innate Abilities, Weirdness & Mutations

You are resistant to damage.
You can heal yourself by infusing magical energy.
You resist negative energy. (rN+)
You passively map a large area around you.
You do not regenerate.


Message History

The eight-headed meat hydra convulses!
Your body is wracked with pain!
* * * LOW HITPOINT WARNING * * *
The meat berserker convulses!
The eight-headed meat hydra convulses!
The bag of meat convulses!
Something is bathed in an unholy light!
The meat berserker convulses!
The bag of meat convulses!
A bag of meat comes into view. It is wielding a +9 war axe.
The large abomination is engulfed in blazing flames.
A tyrant comes into view.
You hear a shout! x2; You feel something staring at you.
A fireball appears from out of thin air!
The fireball explodes!
Deactivating autopickup; reactivate with Ctrl-A.
The fireball engulfs you!!!
* * * LOW HITPOINT WARNING * * *
You hear a shout! x3; You hear a roar! 6 orcs, a skeletal warrior and 2 liches come into view.
The bag of meat shouts!
You hear a shout! x3
The tyrant waves its bony arms in wide circles.
The air twists around and strikes you!!
You die...

, , * , , ,,
,....... ....... ,
.....#.#..§○... ,,
, , ,
..........§o.## ,,
, , *
...O......oX○ooo,,
, , ,,
........§...MooL *
,,
,.L....§.XXoXWzo.
, , , ,
.ooO.§..{Lo22oLo ,
, *, #o..D§)@# ,,
, , , , ,
#...O☼○.# ,.. , ,
* , ,
.###...☼)☼)###...,
, ,,
....M.###MX.......
** , , ,
......_X)D.......
, ,*
...#..)XL#.......
, ,
#_.XXX#......., ,
, ,, , ,
,#....)#......# ,
,
......_))).......
, ,


You could see 3 accurseds, 2 tentacled monstrosities, 2 meat beasts, 5 tyrants,
2 eight-headed meat hydras, a sculptor of flesh, 8 large abominations, a dread,
3 meat berserkers and 15 bags of meat.

Vanquished Creatures
  6 hell beasts (D)
  3 royal mummies (D)
  3 wraiths (D)
  10 vampire knights (D)
  17 ogres (D)
  5 two-headed ogres (D)
  4 liches (D)
  2 hydras (D)
  42 orcs (D)
  2 phantoms (D)
  4 skeletal warriors (D)
  7 small abominations (D)
  3 large abominations (D)
  11 crawling corpses (D)
119 creatures vanquished.

Vanquished Creatures (others)
  2 two-headed ogres (D)
  3 orcs (D)
  2 crawling corpses (D)
7 creatures vanquished.

Grand Total: 126 creatures vanquished

Notes
Turn   | Place    | Note
-------+----------+-------------------------------------------
     0 | D        | Found the +∞ Axe of Woe
     0 | D        | Adamkad1 the Deep Dwarf Gladiator began the quest for the
                  | Orb.
     0 | D        | Reached XP level 1. HP: 19/19 MP: 1/1
     1 | D        | Noticed a bag of meat
     2 | D        | Noticed a bag of meat
     3 | D        | Became a worshipper of Makhleb the Destroyer
     3 | D        | Noticed a bag of meat
     3 | D        | Noticed a bag of meat
     5 | D        | Noticed a bag of meat
     6 | D        | Killed a bag of meat
     6 | D        | Noticed a bag of meat
     6 | D        | Noticed a bag of meat
     7 | D        | Reached XP level 2. HP: 46/46 MP: 2/2
     7 | D        | Reached XP level 3. HP: 54/54 MP: 3/3
     7 | D        | Reached XP level 4. HP: 62/62 MP: 4/4
     7 | D        | Reached XP level 5. HP: 69/69 MP: 5/5
     7 | D        | Reached XP level 6. HP: 78/78 MP: 6/6
     7 | D        | Reached XP level 7. HP: 85/85 MP: 7/7
     7 | D        | Reached XP level 8. HP: 92/92 MP: 8/8
     7 | D        | Gained mutation: You passively map the area around you.
                  | [Deep Dwarf growth]
     7 | D        | Reached XP level 9. HP: 99/99 MP: 9/9
     7 | D        | Reached XP level 10. HP: 108/108 MP: 10/10
     7 | D        | Reached XP level 11. HP: 115/115 MP: 11/11
     7 | D        | Noticed a bag of meat
     7 | D        | Noticed a bag of meat
     8 | D        | Killed a bag of meat
     8 | D        | Reached * piety under Makhleb
     8 | D        | Killed a bag of meat
     9 | D        | Reached skill level 15 in Fighting
     9 | D        | Reached skill level 15 in Throwing
     9 | D        | Reached XP level 12. HP: 132/132 MP: 12/12
     9 | D        | Reached XP level 13. HP: 139/139 MP: 13/13
     9 | D        | Killed a bag of meat
    10 | D        | Gained mutation: You resist negative energy. (rN+) [Deep
                  | Dwarf growth]
    10 | D        | Reached XP level 14. HP: 151/151 MP: 14/14
    10 | D        | Killed a bag of meat
    10 | D        | Reached ** piety under Makhleb
    10 | D        | Noticed a bag of meat
    10 | D        | Noticed a bag of meat
    11 | D        | Killed a bag of meat
    12 | D        | Reached skill level 27 in Axes
    12 | D        | Reached XP level 15. HP: 163/163 MP: 15/15
    12 | D        | Noticed a meat berserker
    13 | D        | Noticed a meat berserker
    14 | D        | Reached *** piety under Makhleb
    16 | D        | Killed a meat berserker
    17 | D        | Reached XP level 16. HP: 184/184 MP: 16/16
    17 | D        | Noticed a meat berserker
    19 | D        | Killed a meat berserker
    19 | D        | Reached **** piety under Makhleb
    20 | D        | Reached skill level 27 in Dodging
    20 | D        | Reached XP level 17. HP: 202/202 MP: 17/17
    20 | D        | Noticed a meat berserker
    23 | D        | Reached skill level 27 in Fighting
    23 | D        | Reached skill level 27 in Throwing
    23 | D        | Reached skill level 1 in Short Blades
    23 | D        | Reached skill level 1 in Long Blades
    23 | D        | Reached skill level 1 in Maces & Flails
    23 | D        | Reached skill level 1 in Polearms
    23 | D        | Reached skill level 1 in Staves
    23 | D        | Reached skill level 1 in Slings
    23 | D        | Reached skill level 1 in Crossbows
    23 | D        | Reached skill level 1 in Armour
    23 | D        | Reached skill level 1 in Stealth
    23 | D        | Reached skill level 1 in Shields
    23 | D        | Reached skill level 1 in Unarmed Combat
    23 | D        | Reached skill level 1 in Conjurations
    23 | D        | Reached skill level 1 in Summonings
    23 | D        | Reached skill level 1 in Necromancy
    23 | D        | Reached skill level 1 in Translocations
    23 | D        | Reached skill level 1 in Transmutations
    23 | D        | Reached skill level 1 in Fire Magic
    23 | D        | Reached skill level 1 in Ice Magic
    23 | D        | Reached skill level 1 in Earth Magic
    23 | D        | Reached skill level 1 in Invocations
    23 | D        | Reached skill level 1 in Evocations
    23 | D        | Killed a meat berserker
    24 | D        | Reached skill level 5 in Stealth
    24 | D        | Reached skill level 5 in Earth Magic
    24 | D        | Reached skill level 5 in Invocations
    24 | D        | Reached skill level 5 in Evocations
    24 | D        | Gained mutation: You passively map a large area around you.
                  | [Deep Dwarf growth]
    24 | D        | Reached XP level 18. HP: 218/218 MP: 17/23
    24 | D        | Noticed a large bag of meat
    25 | D        | Reached skill level 5 in Long Blades
    25 | D        | Reached skill level 5 in Maces & Flails
    25 | D        | Reached skill level 5 in Slings
    25 | D        | Reached skill level 5 in Crossbows
    25 | D        | Reached skill level 5 in Armour
    25 | D        | Reached skill level 5 in Shields
    25 | D        | Reached skill level 5 in Necromancy
    25 | D        | Reached skill level 5 in Translocations
    25 | D        | Reached ***** piety under Makhleb
    26 | D        | Reached skill level 5 in Short Blades
    26 | D        | Reached skill level 5 in Polearms
    26 | D        | Reached skill level 5 in Staves
    26 | D        | Reached skill level 5 in Unarmed Combat
    26 | D        | Reached skill level 5 in Conjurations
    26 | D        | Reached skill level 5 in Hexes
    26 | D        | Reached skill level 5 in Summonings
    26 | D        | Reached skill level 5 in Transmutations
    26 | D        | Reached skill level 5 in Fire Magic
    26 | D        | Reached skill level 5 in Ice Magic
    26 | D        | Reached skill level 5 in Poison Magic
    27 | D        | Noticed a large bag of meat
    27 | D        | Noticed a meat berserker
    27 | D        | Noticed a large bag of meat
    28 | D        | Killed a meat berserker
    29 | D        | Reached skill level 10 in Stealth
    29 | D        | Reached skill level 5 in Air Magic
    29 | D        | Reached skill level 10 in Earth Magic
    29 | D        | Reached skill level 10 in Invocations
    29 | D        | Reached skill level 10 in Evocations
    29 | D        | Reached XP level 19. HP: 226/226 MP: 17/28
    29 | D        | Noticed a meat berserker
    30 | D        | Noticed a destroyer
    30 | D        | Noticed a destroyer
    31 | D        | Killed a meat berserker
    32 | D        | Reached skill level 10 in Slings
    32 | D        | Reached skill level 10 in Crossbows
    32 | D        | Reached skill level 10 in Armour
    32 | D        | Reached skill level 10 in Shields
    32 | D        | Reached skill level 10 in Necromancy
    32 | D        | Reached skill level 10 in Translocations
    32 | D        | Killed a large bag of meat
    32 | D        | Killed a large bag of meat
    33 | D        | Reached skill level 10 in Short Blades
    33 | D        | Reached skill level 10 in Polearms
    33 | D        | Reached skill level 10 in Staves
    33 | D        | Reached skill level 10 in Unarmed Combat
    33 | D        | Reached skill level 10 in Conjurations
    33 | D        | Reached skill level 10 in Summonings
    33 | D        | Reached skill level 10 in Transmutations
    33 | D        | Reached skill level 10 in Fire Magic
    33 | D        | Reached skill level 10 in Ice Magic
    33 | D        | Reached XP level 20. HP: 164/236 MP: 18/33
    34 | D        | Noticed a large bag of meat
    34 | D        | Noticed a meat berserker
    34 | D        | Noticed a destroyer
    35 | D        | Noticed a destroyer
    35 | D        | Reached ****** piety under Makhleb
    35 | D        | Killed a meat berserker
    35 | D        | Noticed a meat berserker
    36 | D        | Reached skill level 15 in Stealth
    36 | D        | Reached skill level 10 in Spellcasting
    36 | D        | Reached skill level 10 in Hexes
    36 | D        | Reached skill level 15 in Earth Magic
    36 | D        | Reached skill level 10 in Poison Magic
    36 | D        | Reached skill level 15 in Evocations
    36 | D        | Reached XP level 21. HP: 237/244 MP: 19/35
    37 | D        | Killed a large bag of meat
    38 | D        | Reached skill level 10 in Bows
    38 | D        | Reached skill level 15 in Invocations
    38 | D        | Killed a destroyer
    39 | D        | Reached skill level 15 in Shields
    39 | D        | Reached skill level 15 in Translocations
    39 | D        | Reached skill level 10 in Air Magic
    39 | D        | Reached XP level 22. HP: 254/254 MP: 19/37
    39 | D        | Killed a destroyer
    40 | D        | Reached skill level 15 in Slings
    40 | D        | Reached skill level 15 in Crossbows
    40 | D        | Reached skill level 15 in Armour
    40 | D        | Reached skill level 15 in Necromancy
    42 | D        | Killed a destroyer
    43 | D        | Reached skill level 15 in Long Blades
    43 | D        | Reached skill level 15 in Maces & Flails
    43 | D        | Reached XP level 23. HP: 262/262 MP: 20/40
    45 | D        | Reached skill level 15 in Short Blades
    45 | D        | Reached skill level 15 in Polearms
    45 | D        | Reached skill level 15 in Staves
    45 | D        | Reached skill level 15 in Conjurations
    45 | D        | Reached skill level 15 in Summonings
    45 | D        | Reached skill level 15 in Ice Magic
    45 | D        | Noticed a tyrant
    45 | D        | Noticed a tyrant
    47 | D        | Reached skill level 15 in Unarmed Combat
    47 | D        | Reached skill level 15 in Transmutations
    47 | D        | Reached skill level 15 in Fire Magic
    50 | D        | Reached XP level 24. HP: 272/272 MP: 21/41
    51 | D        | Killed a tyrant
    52 | D        | Reached skill level 15 in Spellcasting
    52 | D        | Reached skill level 15 in Hexes
    52 | D        | Reached skill level 15 in Poison Magic
    53 | D        | Noticed an accursed
    53 | D        | Killed a large bag of meat
    55 | D        | Killed a destroyer
    56 | D        | Reached skill level 15 in Bows
    56 | D        | Reached skill level 15 in Air Magic
    56 | D        | Reached XP level 25. HP: 222/280 MP: 23/43
    56 | D        | Noticed an accursed
    57 | D        | Noticed a destroyer
    59 | D        | Killed a tyrant
    60 | D        | Reached XP level 26. HP: 282/290 MP: 24/44
    62 | D        | Noticed a tyrant
    62 | D        | Noticed a dread
    63 | D        | Noticed a destroyer
    63 | D        | Noticed a destroyer
    65 | D        | Reached XP level 27. HP: 271/298 MP: 25/45
    66 | D        | Noticed a large bag of meat
    67 | D        | Killed a destroyer
    68 | D        | Noticed a meat beast
    68 | D        | Killed a destroyer
    69 | D        | Reached skill level 27 in Stealth
    69 | D        | Reached skill level 27 in Earth Magic
    69 | D        | Reached skill level 27 in Invocations
    69 | D        | Reached skill level 27 in Evocations
    70 | D        | Killed a meat beast
    75 | D        | Killed a destroyer
    76 | D        | Noticed a dread
    77 | D        | Noticed a meat beast
    78 | D        | Noticed a dread
    78 | D        | Noticed an accursed
    79 | D        | Killed an accursed
    79 | D        | Killed a dread
    80 | D        | Reached skill level 27 in Slings
    80 | D        | Reached skill level 27 in Crossbows
    80 | D        | Reached skill level 27 in Armour
    80 | D        | Reached skill level 27 in Shields
    80 | D        | Reached skill level 27 in Necromancy
    80 | D        | Reached skill level 27 in Translocations
    80 | D        | Killed a tyrant
    82 | D        | Killed a large bag of meat
    82 | D        | Noticed a meat beast
    82 | D        | Noticed a meat beast
    84 | D        | Killed an accursed
    84 | D        | Killed a meat beast
    84 | D        | Noticed an accursed
    85 | D        | Reached skill level 27 in Long Blades
    85 | D        | Reached skill level 27 in Maces & Flails
    85 | D        | Noticed a meat beast
    85 | D        | Noticed a meat beast
    85 | D        | Noticed a destroyer
    85 | D        | Noticed a tyrant
    85 | D        | Noticed a tyrant
    85 | D        | Killed a dread
    85 | D        | Killed a dread
    85 | D        | Killed a meat beast
    85 | D        | Noticed a destroyer
    86 | D        | Reached skill level 27 in Short Blades
    86 | D        | Reached skill level 27 in Polearms
    86 | D        | Reached skill level 27 in Staves
    86 | D        | Reached skill level 27 in Bows
    86 | D        | Reached skill level 27 in Unarmed Combat
    86 | D        | Reached skill level 27 in Spellcasting
    86 | D        | Reached skill level 27 in Conjurations
    86 | D        | Reached skill level 27 in Hexes
    86 | D        | Reached skill level 27 in Summonings
    86 | D        | Reached skill level 27 in Transmutations
    86 | D        | Reached skill level 27 in Fire Magic
    86 | D        | Reached skill level 27 in Ice Magic
    86 | D        | Reached skill level 27 in Air Magic
    86 | D        | Reached skill level 27 in Poison Magic
    86 | D        | Killed a meat beast
    86 | D        | Noticed a large bag of meat
    87 | D        | Killed a destroyer
    87 | D        | Killed a large bag of meat
    87 | D        | Noticed an accursed
    89 | D        | Killed an accursed
    90 | D        | Noticed a dread
    90 | D        | Noticed a destroyer
    90 | D        | Noticed a tyrant
    92 | D        | Killed a destroyer
    92 | D        | Noticed a meat beast
    92 | D        | Killed a large bag of meat
    92 | D        | Noticed an accursed
    92 | D        | Noticed a meat beast
    93 | D        | Killed a meat beast
    93 | D        | Killed a destroyer
    93 | D        | HP: 12/298 [??? (5)]
    94 | D        | Killed a meat beast
    96 | D        | Killed a tyrant
    96 | D        | Noticed a tyrant
    97 | D        | Noticed a tyrant
    97 | D        | Noticed a tyrant
    97 | D        | Killed from afar by a tyrant

Illustrated notes

Levels and vault maps discovered:
D:        meatsprint

Skill      XL: |  1  2  3  4  5  6  7  8  9 10 11 12 13 14 15 16 17 18 19 20 21 22 23 24 25 26 27 |
---------------+----------------------------------------------------------------------------------+-----
Fighting       | 12 15 16 18 22 25 27 | 27.0
Axes           | 19 23 25 27 | 27.0
Throwing       | 12 15 16 18 22 25 27 | 27.0
Dodging        | 14 17 19 21 25 27 | 27.0
Short Blades   | 3 7 10 11 12 14 16 17 18 19 27 | 27.0
Long Blades    | 4 7 11 12 13 15 16 18 19 21 27 | 27.0
Maces & Flails | 4 8 11 12 13 15 17 19 20 21 27 | 27.0
Polearms       | 3 7 10 11 12 14 15 17 18 19 27 | 27.0
Staves         | 3 7 10 11 12 14 15 17 18 19 27 | 27.0
Slings         | 4 8 11 12 14 16 18 20 21 22 27 | 27.0
Crossbows      | 4 8 11 12 14 16 18 20 21 22 27 | 27.0
Armour         | 4 8 12 13 14 16 18 20 21 22 27 | 27.0
Stealth        | 5 10 13 15 17 19 20 23 24 25 27 | 27.0
Shields        | 4 8 12 13 15 16 18 20 21 22 27 | 27.0
Unarmed Combat | 3 7 10 11 12 14 15 17 18 19 27 | 27.0
Conjurations   | 3 7 10 11 12 14 15 17 18 19 27 | 27.0
Summonings     | 3 7 10 11 12 14 15 17 18 19 27 | 27.0
Necromancy     | 4 8 11 13 14 16 18 20 21 22 27 | 27.0
Translocations | 4 9 12 13 15 16 18 20 21 22 27 | 27.0
Transmutations | 3 7 10 11 12 14 15 17 18 19 27 | 27.0
Fire Magic     | 3 7 10 11 12 14 15 17 18 19 27 | 27.0
Ice Magic      | 3 7 10 11 12 14 15 17 18 19 27 | 27.0
Earth Magic    | 5 10 13 15 17 19 21 23 24 25 27 | 27.0
Invocations    | 5 10 13 14 17 18 20 23 24 25 27 | 27.0
Evocations     | 5 10 14 15 17 19 21 23 24 26 27 | 27.0
Bows           | 3 6 8 9 11 12 13 15 16 17 27 | 27.0
Spellcasting   | 3 6 9 10 11 13 14 16 17 18 27 | 27.0
Hexes          | 3 6 9 10 11 13 14 16 17 18 27 | 27.0
Air Magic      | 3 5 8 9 10 12 13 15 16 17 27 | 27.0
Poison Magic   | 3 6 9 10 11 13 14 16 17 18 27 | 27.0

Action                   |  1- 3 |  4- 6 |  7- 9 | 10-12 | 13-15 | 16-18 | 19-21 | 22-24 | 25-27 || total
-------------------------+-------+-------+-------+-------+-------+-------+-------+-------+-------++-------
Melee: Executioner's axe |     1 |       |       |     1 |     5 |     8 |     6 |    14 |    35 ||    70
Armor: Leather armour    |       |       |       |       |       |       |       |       |     1 ||     1
Dodge: Dodged            |       |       |       |       |     1 |       |       |       |     7 ||     8

Table legend: (Time is in decaauts)
 A = Elapsed time spent in this place.
 B = Non-inter-level travel time spent in this place.
 C = Inter-level travel time spent in this place.
 D = Time resting spent in this place.
 E = Time spent auto-exploring this place.
 F = Levels seen in this place.
 G = Mean time per level.
                   A        B        C        D        E       F      G
               +--------+--------+--------+--------+--------+-----+--------+
         Total |     79 |     79 |      0 |      0 |      0 |   1 |   79.0 |
       Dungeon |     79 |     79 |      0 |      0 |      0 |   1 |   79.0 |
               +--------+--------+--------+--------+--------+-----+--------+

Top non-repeatable levels by time:
       D: 79 daAuts
